 Dungeon Crawl Stone Soup version 0.31.0-9-g3a7656b989 (webtiles) character file.

Game seed: 13873191915942144428

51 qw the Shooter (level 3, 0/20 HPs)
             Began as a Deep Elf Hunter on Feb 2, 2024.
             Slain by a goblin
             ... wielding a +0 club
             ... led by Robin
              (2 damage)
             ... on level 2 of the Dungeon.
             The game lasted 00:00:03 (821 turns).

qw the Shooter (Deep Elf Hunter)                     Turns: 821, Time: 00:00:04

Health: 0/20       AC:  3    Str: 10    XL:     3   Next: 58%
Magic:  5/5        EV: 12    Int: 13    God:
Gold:   74         SH:  0    Dex: 18    Spells: 2/2 levels left

rFire   . . .        a - +0 shortbow
rCold   . . .        (shield currently unavailable)
rNeg    . . .        c - +0 leather armour
rPois   .            (no helmet)
rElec   .            (no cloak)
rCorr   .            (no gloves)
SInv    .            (no boots)
Will    .....        (no amulet)
Stlth   ++           (no ring)
HPRegen 0.23/turn    (no ring)
MPRegen 0.09/turn

%: no passive effects
@: no status effects
A: no striking features
a: no special abilities


You were on level 2 of the Dungeon.
You visited 1 branch of the dungeon, and saw 2 of its levels.

You collected 74 gold pieces.


   Skills:
 - Level 1.5 Fighting
 + Level 7.1 Ranged Weapons
 - Level 2.4 Dodging
 - Level 1.2 Stealth


You had 2 spell levels left.
You didn't know any spells.
Your spell library was empty.

Inventory:

Hand Weapons
 a - a +0 shortbow (weapon)
Armour
 c - a +0 leather armour (worn)
Potions
 d - 2 potions of curing

Dungeon Overview and Level Annotations

Branches:
Dungeon (2/15)

Altars:

Annotations:
D:2 Robin


Message History

Robin throws the goblin at you!
You shoot an arrow. The arrow closely misses the goblin.
The goblin shouts!
You hear a shout!
An endoplasm comes into view.
The goblin closely misses you.
Robin says, "My army is invincible!"
Robin roars a battlecry!
The goblins go into a battle-frenzy!
A goblin comes into view. It is wielding a +0 club.
You shoot an arrow. The arrow closely misses the goblin.
The goblin shouts!
The goblin hits you but does no damage.
A goblin comes into view. It is wielding a +0 club.
You shoot an arrow. The arrow barely misses the goblin.
The goblin hits you with a +0 dagger.
You shoot an arrow. The arrow hits the goblin.
The goblin is severely wounded.
The goblin barely misses you.
A goblin comes into view. It is wielding a +0 dagger.
Robin throws the goblin at you! The goblin closely misses you.
The goblin hits you with a +0 club.
You shoot an arrow. The arrow hits the goblin!
You kill the goblin!
The goblin hits you but does no damage. The goblin misses you.
You shoot an arrow. The arrow hits the goblin.
You kill the goblin!
The goblin hits you with a +0 club.
You shoot an arrow. The arrow barely misses the goblin.
The arrow closely misses the goblin.
The arrow hits Robin but does no damage.
The hobgoblin barely misses you. The goblin barely misses you.
The goblin hits you with a +0 club.
A dart slug comes into view.
You shoot an arrow. The arrow closely misses the goblin.
The goblin hits you with a +0 club. The hobgoblin closely misses you.
The goblin hits you with a +0 dagger.
Robin says, "We wiped out the hill dwarves - you're next!"
Robin throws the goblin at you! The goblin hits you with a +0 club.
You die...

#####.#.#....#
.......<.%...#
#####.####...#
#....'...#
######...###
#.........#
#...>.....#
#........g#
#......g@)#
######.ggg.....#
#....Jg.###.#
#.......#
#?......#
#...))..#
#....)..#
#...<..w#


You could see Robin, a dart slug, an endoplasm, a hobgoblin (strong) and 4
goblins.

Vanquished Creatures
  A dart slug (D:2)
  A ball python (D:1)
  5 bats (D:1)
  5 endoplasms (D:1)
  A giant cockroach (D:1)
  6 goblins
  3 hobgoblins
  6 jackals (D:1)
  4 quokkas (D:1)
  11 frilled lizards (D:1)
  2 kobolds (D:1)
  2 rats (D:1)
47 creatures vanquished.

Notes
Turn   | Place    | Note
-------+----------+-------------------------------------------
     0 | D:1      | qw the Deep Elf Hunter began the quest for the Orb.
     0 | D:1      | Reached XP level 1. HP: 12/12 MP: 3/3
     0 | D:1      | 0 ||| qw: Version: 0.3-a-155-g5e7d8dd
     0 | D:1      | 0 ||| qw: Game counter: 1917
     0 | D:1      | 0 ||| qw: Melee chars always use a shield: true
     0 | D:1      | 0 ||| qw: God list: Okawaru
     0 | D:1      | 0 ||| qw: Allow faded altars: false
     0 | D:1      | 0 ||| qw: Do Orc after clearing Dungeon:15 true
     0 | D:1      | 0 ||| qw: Do second Lair branch before Depths: true
     0 | D:1      | 0 ||| qw: Lair rune preference: random
     0 | D:1      | 0 ||| qw: Goals: Normal
     0 | D:1      | 0 ||| PLANNING D:1-11
   184 | D:1      | Reached skill level 6 in Ranged Weapons
   184 | D:1      | Reached XP level 2. HP: 16/16 MP: 4/4
   547 | D:1      | Reached XP level 3. HP: 20/20 MP: 5/5
   634 | D:1      | Found a faded altar of an unknown god.
   639 | D:1      | Noticed a golden eye
   656 | D:1      | Noticed a glass eye
   659 | D:1      | Noticed an eye of devastation
   659 | D:1      | Noticed a shining eye
   761 | D:1      | 761 ||| READING scroll labelled MUUCEUDYRA.
   765 | D:1      | 765 ||| DRINKING 3 orange potions.
   766 | D:1      | 766 ||| DROPPING scroll of butterflies.
   799 | D:2      | Reached skill level 7 in Ranged Weapons
   812 | D:2      | Noticed Robin
   821 | D:2      | HP: 2/20 [goblin/+0 dagger[Robin] (5)]
   821 | D:2      | Slain by a goblin

Levels and vault maps discovered:
D:1:      minmay_arrival_arboretum_small, layout_loops_cross,
          hellmonk_ecumenical_altar_watching_god, minmay_lizard_king
D:2:      layout_basic, uniq_terence, uniq_robin

Skill      XL: |  1  2  3 |
---------------+----------+-----
Ranged Weapons | 6 7 |  7.1
Fighting       | |  1.5
Dodging        | |  2.4
Stealth        | |  1.2

Action                     || total
---------------------------++-------
   Fire: Shortbow          ||   126
    Use: Scroll            ||     1
         Potion            ||     1
 Armour: Leather armour    ||    28
  Dodge: Dodged            ||    49

Table legend:
 A = Non-vault XP
 B = Vault XP
 C = Vault XP percentage of total XP
 D = Non-vault monster count
 E = Vault monster count
 F = Vault count percentage of total count
                 A         B        C        D         E       F
            +---------+---------+-------+---------+---------+-------
      Total |      55 |      19 |  25.7 |      31 |      16 |  34.0
            +---------+---------+-------+---------+---------+-------
        D:1 |      51 |       9 |  15.0 |      30 |       9 |  23.1
        D:2 |       4 |      10 |  71.4 |       1 |       7 |  87.5
            +---------+---------+-------+---------+---------+-------
